 Dungeon Crawl Stone Soup version 0.25.0-33-gff14898491 (webtiles) character file.

Game seed: 4748063842561311013

212 AvylaarBelgium the Magician (level 5, 0/28 HPs)
             Began as a Deep Elf Earth Elementalist on July 7, 2020.
             Slain by an orc (1 damage)
             ... on level 4 of the Dungeon.
             The game lasted 00:08:47 (3568 turns).

AvylaarBelgium the Magician (DEEE)                  Turns: 3568, Time: 00:08:47

Health: 0/28       AC:  3    Str: 11    XL:     5   Next: 58%
Magic:  3/14       EV: 13    Int: 21    God:
Gold:   153        SH:  0    Dex: 15    Spells: 10/14 levels left

rFire    . . .     SeeInvis .   c - +0 hunting sling
rCold    . . .     Gourm    .   (no shield)
rNeg     . . .     Faith    .   e - +1 robe {MR+}
rPois    .         Spirit   .   (no helmet)
rElec    .         Reflect  .   (no cloak)
rCorr    .         Harm     .   (no gloves)
MR       +....                  (no boots)
Stlth    ++........             (no amulet)
HPRegen  0.09/turn              m - +6 ring of strength
MPRegen  0.14/turn              (no ring)

@: no status effects
A: no striking features
a: no special abilities


You were on level 4 of the Dungeon.
You were very hungry.

You visited 1 branch of the dungeon, and saw 4 of its levels.

You collected 153 gold pieces.

Inventory:

Hand Weapons
 c - a +0 hunting sling (weapon)
 n - a +0 falchion
Missiles
 b - 69 stones (quivered)
 j - 28 poisoned darts
Armour
 e - a +1 robe of magic resistance (worn)
 l - a cursed -1 buckler
Jewellery
 m - a +6 ring of strength (left hand)
 t - an uncursed ring of stealth {unknown}
Scrolls
 a - 2 scrolls of teleportation {unknown}
 f - a scroll of random uselessness {unknown}
 h - 2 scrolls of remove curse {unknown}
 i - a scroll of enchant armour {unknown}
 q - a scroll of identify {unknown}
 r - a scroll of amnesia {unknown}
Potions
 g - 3 potions of degeneration {unknown}
 k - a potion of curing {unknown}
 o - a potion of stabbing {unknown}
 s - a potion of heal wounds {unknown}
Comestibles
 d - 5 rations


   Skills:
 - Level 0.7 Fighting
 - Level 1.1 Slings
 - Level 2.4 Dodging
 - Level 2.4 Stealth
 - Level 1.0 Shields
 + Level 5.1 Spellcasting
 * Level 0.9 Conjurations
   Level 1.1 Transmutations
 + Level 5.0 Earth Magic


You had 10 spell levels left.
You knew the following spells:

 Your Spells              Type           Power        Failure   Level  Hunger
a - Sandblast             Erth           ####..       1%          1    None
c - Stone Arrow           Conj/Erth      ###...       10%         3    ##.....

Your spell library contained the following spells:

 Spells                   Type           Power        Failure   Level  Hunger
 Passwall                 Tmut/Erth      ###.....     4%          2    None
 Petrify                  Tmut/Erth      ###.....     30%         4    ####...
 Lee's Rapid Deconstruct  Erth           ####......   36%         5    #####..


Dungeon Overview and Level Annotations

Branches:
Dungeon (4/15)
 Temple: D:4-7

Altars:

Annotations:
D:4 Blork the orc, Edmund


Message History

* * * LOW HITPOINT WARNING * * *
You see here a worm corpse.
Blork the orc screams, "I'll cover the dungeon with your blood!"
Edmund says, "Everyone always remembers my brother. 'Who's Edmund?' they ask!"
There is a large open door here.
Found a ration and 15 gold pieces.
A leopard gecko and an orc come into view.
Blork the orc mumbles some strange words.
Blork the orc flickers and vanishes!
Deactivating autopickup; reactivate with Ctrl-A.
An ogre comes into view. It is wielding a +0 giant club.
The orc hits you.
* * * LOW HITPOINT WARNING * * *
The orc barely misses you.
The ogre shouts!
The leopard gecko barely misses you. The leopard gecko bites you.
* * * LOW HITPOINT WARNING * * *
The ogre closely misses you. The orc hits you.
You die...

####.#..# ♣..♣ ##....## ..[....##
♣..♣ ##....# ####..## ♣..♣ ##...#
####..# ♣..♣ #...# ......# ♣♣..♣♣
#..## ......#
♣♣♣♣♣8..8♣♣♣♣♣♣♣#.## .....o+
................'.# ....[.+
........O.......'.### ......#
♣8l@8♣♣♣♣♣♣♣#...# ...>..# ♣♣o@♣♣
#...# ......# ♣..♣ #...# .....†##
♣..♣ ##.### ......o## ♣..♣
##.<### .......(## ♣..♣ ##..#..#
.....(..(## ♣.o♣ ##.....##
.....(.(.(## ♣.o♣ ##..#.###
........$.†####''####..#..#######


You could see Edmund, an ogre, 3 orcs and a leopard gecko.

Vanquished Creatures
  A hound (D:4)
  A bullfrog skeleton (D:4)
  6 adders
  A howler monkey skeleton (D:3)
  An adder skeleton (D:3)
  3 worms
  3 dart slugs
  An orc (D:3)
  A ball python (D:3)
  4 bats
  2 giant cockroaches (D:2)
  18 goblins
  10 hobgoblins
  3 jackals (D:1)
  8 kobolds
  5 frilled lizards
  10 rats
78 creatures vanquished.

Notes
Turn   | Place    | Note
-------+----------+-------------------------------------------
     0 | D:1      | AvylaarBelgium the Deep Elf Earth Elementalist began the
                  | quest for the Orb.
     0 | D:1      | Reached XP level 1. HP: 10/10 MP: 6/6
   186 | D:1      | Reached XP level 2. HP: 2/15 MP: 0/8
  1306 | D:2      | Reached XP level 3. HP: 14/19 MP: 7/10
  1934 | D:2      | Reached XP level 4. HP: 24/24 MP: 9/11
  2052 | D:2      | Reached skill level 1 in Slings
  3310 | D:4      | Reached skill level 1 in Shields
  3310 | D:4      | Reached XP level 5. HP: 25/28 MP: 11/14
  3315 | D:4      | Learned a level 3 spell: Stone Arrow
  3403 | D:4      | Reached skill level 5 in Spellcasting
  3403 | D:4      | Noticed Edmund
  3404 | D:4      | Reached skill level 5 in Earth Magic
  3482 | D:4      | Noticed Blork the orc
  3565 | D:4      | Noticed an ogre
  3568 | D:4      | HP: 1/28 [leopard gecko (3)]
  3568 | D:4      | Slain by an orc

Illustrated notes

Levels and vault maps discovered:
D:1:      dpeg_arrival_stonehenge_8_columns, layout_basic
D:2:      layout_basic, minmay_box_of_dots
D:3:      kennysheep_the_goblin_king, layout_basic, kennysheep_path_1
D:4:      kennysheep_big_flooded_room, layout_rooms, hangedman_decor_growths,
          uniq_crazy_yiuf_cottage, uniq_blork_the_orc, uniq_edmund

Skill      XL: |  1  2  3  4  5 |
---------------+----------------+-----
Earth Magic    | 4 5 |  5.0
Spellcasting   | 4 5 |  5.1
Slings         | 1 |  1.1
Shields        | 1 |  1.0
Fighting       | |  0.7
Dodging        | |  2.4
Stealth        | |  2.4
Conjurations   | |  0.9
Transmutations | |  1.1

Action                   |  1- 3 |  4- 6 || total
-------------------------+-------+-------++-------
 Fire: Hunting sling     |    64 |    80 ||   144
 Cast: Sandblast         |    41 |    40 ||    81
       Stone Arrow       |       |     6 ||     6
  Eat: Chunk             |     3 |     4 ||     7
Armor: Robe              |     5 |     3 ||     8
Dodge: Dodged            |    24 |    36 ||    60
